NYP
ROME BRAVES @ SALEM-KEIZER VOLCANOES
08/15/2045
 
TOP OF THE 1ST
Rome Braves batting - Pitching for Salem-Keizer Volcanoes : LHP Chong-yeol Wong
Pitching: LHP Chong-yeol Wong
Batting: LHB Robby Dann 0-0: Ball
1-0: Foul Ball, location: 2F
1-1: TRIPLE (Groundball, 3L, EV 98.8 MPH)
Batting: LHB Joe Phillips 0-0: SINGLE (Groundball, 34D, EV 100.6 MPH)
Robby Dann scores
Batting: RHB Hisayuki Akiyama 0-0: Fly out, F7 (Flyball, 78S, EV 78.8 MPH)
Batting: RHB Jose Ramos 0-0: Ball
1-0: Called Strike
1-1: Ball
2-1: Ball
3-1: Fly out, F9 (Flyball, 9S, EV 80.0 MPH)
Batting: LHB Mike Tenorio 0-0: Called Strike
0-1: Called Strike
0-2: 2-RUN HOME RUN (Flyball, 9LD, EV 94.4 MPH), Distance : 359 ft
Batting: RHB Toki Takeuchi 0-0: Called Strike
0-1: Swinging Strike
0-2: Ball
1-2: Ground out 5-3 (Groundball, 5, EV 88.1 MPH)
Top of the 1st over - 3 runs, 3 hits, 0 errors, 0 left on base; Rome 3 - Salem-Keizer 0
BOTTOM OF THE 1ST
Salem-Keizer Volcanoes batting - Pitching for Rome Braves : RHP Jeremy Hurley
Pitching: RHP Jeremy Hurley
Batting: LHB Pat Aviles 0-0: Swinging Strike
0-1: Ball
1-1: Ball
2-1: Fly out, F7 (Flyball, 7S, EV 76.2 MPH)
Batting: RHB Ian Richardson 0-0: Called Strike
0-1: Ball
1-1: Swinging Strike
1-2: Ball
2-2: Foul Ball, location: 2F
2-2: Foul Ball, location: 2F
2-2: Foul Ball, location: 2F
2-2: Strikes out swinging
Batting: LHB Alexis Cantu 0-0: Swinging Strike
0-1: Ball
1-1: Called Strike
1-2: Strikes out looking
Bottom of the 1st over - 0 runs, 0 hits, 0 errors, 0 left on base; Rome 3 - Salem-Keizer 0
TOP OF THE 2ND
Rome Braves batting - Pitching for Salem-Keizer Volcanoes : LHP Chong-yeol Wong
Batting: LHB Javier Rubio 0-0: Ball
1-0: SINGLE (Line Drive, 7S, EV 88.8 MPH)
Batting: SHB Jordan Barragan 0-0: Called Strike
0-1: Ball
1-1: Ball
2-1: Fielders Choice at 2nd, 5-4 (Groundball, 56, EV 83.1 MPH)
Batting: LHB Malik Boulay 0-0: Ball
Jordan Barragan steals 2nd base
1-0: Foul Ball, location: 2F
1-1: Swinging Strike
1-2: Strikes out swinging, 2-3 out at first.
Batting: LHB Robby Dann 0-0: Ball
1-0: Ground out 6-3 (Groundball, 56, EV 106.2 MPH)
Top of the 2nd over - 0 runs, 1 hit, 0 errors, 1 left on base; Rome 3 - Salem-Keizer 0
BOTTOM OF THE 2ND
Salem-Keizer Volcanoes batting - Pitching for Rome Braves : RHP Jeremy Hurley
Batting: LHB Gabe Velez 0-0: Foul Ball, location: 2F
0-1: Foul Ball, location: 2F
0-2: Ball
1-2: Ball
2-2: Ball
3-2: Foul Ball, location: 2F
3-2: Base on Balls
Batting: SHB David Barona 0-0: Called Strike
0-1: Ball
1-1: Swinging Strike
1-2: Foul Ball, location: 2F
1-2: Strikes out swinging
Batting: LHB Ryan Anderson 0-0: Swinging Strike
0-1: Ball
1-1: Ball
2-1: Foul Ball, location: 2F
2-2: Foul Ball, location: 2F
2-2: Ball
3-2: Base on Balls
Gabe Velez to second
Batting: RHB Dave Crouch 0-0: SINGLE (Flyball, 8LS, EV 88.1 MPH)
Gabe Velez to third
Ryan Anderson to second
Batting: RHB Alfredo Lemus 0-0: Ball
1-0: Fielders Choice at 2nd, 4-6 (Groundball, 4, EV 86.2 MPH)
Gabe Velez scores
Ryan Anderson to third
Batting: RHB Willie Sanchez 0-0: Called Strike
0-1: Foul Ball, location: 2F
0-2: Strikes out swinging
Bottom of the 2nd over - 1 run, 1 hit, 0 errors, 2 left on base; Rome 3 - Salem-Keizer 1
TOP OF THE 3RD
Rome Braves batting - Pitching for Salem-Keizer Volcanoes : LHP Chong-yeol Wong
Batting: LHB Joe Phillips 0-0: SINGLE (Line Drive, 34, EV 109.4 MPH)
Batting: RHB Hisayuki Akiyama 0-0: Ball
1-0: Ball
2-0: Called Strike
2-1: Ball
3-1: Called Strike
3-2: Foul Ball, location: 2F
3-2: 2-RUN HOME RUN (Flyball, 78XD, EV 114.4 MPH), Distance : 450 ft
Batting: RHB Jose Ramos 0-0: Ball
1-0: Called Strike
1-1: Ball
2-1: Ball
3-1: Foul Ball, location: 2F
3-2: Base on Balls
Batting: LHB Mike Tenorio 0-0: Called Strike
0-1: Ball
1-1: Ball
2-1: Ball
3-1: Base on Balls
Jose Ramos to second
Batting: RHB Toki Takeuchi 0-0: Called Strike
0-1: Foul Ball, location: 2F
0-2: DOUBLE (Groundball, 5L, EV 93.8 MPH)
Jose Ramos scores
Mike Tenorio to third
Pitching: RHP Peter Ellis
Batting: LHB Javier Rubio 0-0: Ball
1-0: Called Strike
1-1: Called Strike
1-2: Strikes out looking
Batting: SHB Jordan Barragan 0-0: Ball
1-0: Ball
2-0: Called Strike
2-1: Foul Ball, location: 2F
2-2: Ball
3-2: SINGLE (Line Drive, 9S, EV 91.9 MPH)
Mike Tenorio scores
Toki Takeuchi to third
Runner from 3rd tries for Home, SAFE, throw by RF to home
Batting: LHB Malik Boulay 0-0: Ball
1-0: Ball
2-0: Ball
3-0: Base on Balls
Jordan Barragan to second
Batting: LHB Robby Dann 0-0: Ball
1-0: TRIPLE (Line Drive, 78XD, EV 100.0 MPH)
Jordan Barragan scores
Malik Boulay scores
Batting: LHB Joe Phillips 0-0: Called Strike
Balk!
Robby Dann scores
0-1: Ball
1-1: Ground out 4-3 (Groundball, 4, EV 91.9 MPH)
Batting: RHB Hisayuki Akiyama 0-0: Ball
1-0: Foul Ball, location: 2F
1-1: Foul Ball, location: 2F
1-2: Strikes out looking
Top of the 3rd over - 8 runs, 5 hits, 0 errors, 0 left on base; Rome 11 - Salem-Keizer 1
BOTTOM OF THE 3RD
Salem-Keizer Volcanoes batting - Pitching for Rome Braves : RHP Jeremy Hurley
Batting: LHB Pat Aviles 0-0: Ball
1-0: Called Strike
1-1: Ball
2-1: Foul Ball, location: 2F
2-2: Ball
3-2: Base on Balls
Batting: RHB Ian Richardson 0-0: Swinging Strike
0-1: Called Strike
0-2: Strikes out swinging
Batting: LHB Alexis Cantu 0-0: Called Strike
0-1: Called Strike
0-2: Ball
1-2: Foul Ball, location: 2F
1-2: Strikes out looking
Batting: LHB Gabe Velez 0-0: Ball
1-0: Foul Ball, location: 2F
1-1: Ball
2-1: Foul Ball, location: 2F
2-2: Foul Ball, location: 2F
2-2: Ball
3-2: Foul Ball, location: 2F
3-2: Strikes out swinging
Bottom of the 3rd over - 0 runs, 0 hits, 0 errors, 1 left on base; Rome 11 - Salem-Keizer 1
TOP OF THE 4TH
Rome Braves batting - Pitching for Salem-Keizer Volcanoes : RHP Peter Ellis
Batting: RHB Jose Ramos 0-0: Called Strike
0-1: Ball
1-1: Called Strike
1-2: Strikes out looking
Batting: LHB Mike Tenorio 0-0: Ball
1-0: Called Strike
1-1: Swinging Strike
1-2: Fly out, F7 (Flyball, 7S, EV 88.8 MPH)
Batting: RHB Toki Takeuchi 0-0: Ball
1-0: Foul Ball, location: 2F
1-1: Ground out 5-3 (Groundball, 5, EV 82.5 MPH)
Top of the 4th over - 0 runs, 0 hits, 0 errors, 0 left on base; Rome 11 - Salem-Keizer 1
BOTTOM OF THE 4TH
Salem-Keizer Volcanoes batting - Pitching for Rome Braves : RHP Jeremy Hurley
Batting: SHB David Barona 0-0: Called Strike
0-1: Called Strike
0-2: Strikes out swinging
Batting: LHB Ryan Anderson 0-0: Called Strike
0-1: Ball
1-1: Ground out 5-3 (Groundball, 56, EV 87.5 MPH)
Batting: RHB Dave Crouch 0-0: Ball
1-0: Ball
2-0: SINGLE (Groundball, 34D, EV 101.9 MPH)
Batting: RHB Alfredo Lemus 0-0: Ball
1-0: SINGLE (Line Drive, 5D, EV 100.0 MPH)
Dave Crouch to second
Batting: RHB Willie Sanchez 0-0: Ball
1-0: Ball
2-0: Foul Ball, location: 2F
2-1: Foul Ball, location: 2F
2-2: Ball
3-2: Base on Balls
Dave Crouch to third
Alfredo Lemus to second
Batting: LHB Pat Aviles 0-0: Called Strike
0-1: Ball
1-1: Ball
2-1: Swinging Strike
2-2: Fly out, F5 (Popup, 5L, EV 74.4 MPH)
Bottom of the 4th over - 0 runs, 2 hits, 0 errors, 3 left on base; Rome 11 - Salem-Keizer 1
TOP OF THE 5TH
Rome Braves batting - Pitching for Salem-Keizer Volcanoes : RHP Peter Ellis
Batting: LHB Javier Rubio 0-0: Swinging Strike
0-1: Swinging Strike
0-2: Ball
1-2: Strikes out swinging
Batting: SHB Jordan Barragan 0-0: Ball
1-0: Foul Ball, location: 2F
1-1: Ball
2-1: Swinging Strike
2-2: Ground out 6-3 (Groundball, 6S, EV 80.6 MPH)
Batting: LHB Malik Boulay 0-0: Foul Ball, location: 2F
0-1: Ball
1-1: Ball
2-1: Called Strike
2-2: Foul Ball, location: 2F
2-2: Foul Ball, location: 2F
2-2: Ball
3-2: Foul Ball, location: 2F
3-2: DOUBLE (Line Drive, 78D, EV 113.1 MPH)
Batting: LHB Robby Dann 0-0: Ball
1-0: Foul Ball, location: 2F
1-1: Ground out 6-3 (Groundball, 6M, EV 90.6 MPH)
Top of the 5th over - 0 runs, 1 hit, 0 errors, 1 left on base; Rome 11 - Salem-Keizer 1
BOTTOM OF THE 5TH
Salem-Keizer Volcanoes batting - Pitching for Rome Braves : RHP Jeremy Hurley
Pitching: RHP Marvin Rosas
Batting: RHB Ian Richardson 0-0: Ball
1-0: Foul Ball, location: 2F
1-1: Ball
2-1: Ball
3-1: Called Strike
3-2: Strikes out swinging
Batting: LHB Alexis Cantu 0-0: Called Strike
0-1: Called Strike
0-2: Strikes out looking
Batting: LHB Gabe Velez 0-0: Ball
1-0: Foul Ball, location: 2F
1-1: Swinging Strike
1-2: Ball
2-2: Ball
3-2: SINGLE (Line Drive, 8LS, EV 95.0 MPH)
Batting: SHB David Barona 0-0: Called Strike
0-1: Fly out, F7 (Flyball, 78S, EV 85.6 MPH)
Bottom of the 5th over - 0 runs, 1 hit, 0 errors, 1 left on base; Rome 11 - Salem-Keizer 1
TOP OF THE 6TH
Rome Braves batting - Pitching for Salem-Keizer Volcanoes : RHP Peter Ellis
Batting: LHB Joe Phillips 0-0: Ball
1-0: Swinging Strike
1-1: SINGLE (Groundball, 56D, EV 105.0 MPH)
Batting: RHB Hisayuki Akiyama 0-0: Swinging Strike
0-1: Swinging Strike
0-2: Ball
1-2: SINGLE (Flyball, 8RS, EV 91.2 MPH)
Joe Phillips to second
Batting: RHB Jose Ramos 0-0: Called Strike
0-1: Ball
1-1: Ball
2-1: Ball
3-1: Foul Ball, location: 2F
3-2: Foul Ball, location: 2F
3-2: Strikes out swinging
Pitching: RHP Dylan Mosley
Batting: LHB Mike Tenorio 0-0: Ball
Balk!
Joe Phillips to third
Hisayuki Akiyama to second
1-0: Swinging Strike
1-1: Foul Ball, location: 2F
1-2: Foul Ball, location: 2F
1-2: DOUBLE (Line Drive, 9LM, EV 105.0 MPH)
Joe Phillips scores
Hisayuki Akiyama scores
Batting: RHB Toki Takeuchi 0-0: Called Strike
0-1: Swinging Strike
0-2: Strikes out swinging
Batting: LHB Javier Rubio 0-0: Foul Ball, location: 2F
0-1: Ball
1-1: Ball
2-1: Swinging Strike
2-2: Strikes out swinging
Top of the 6th over - 2 runs, 3 hits, 0 errors, 1 left on base; Rome 13 - Salem-Keizer 1
BOTTOM OF THE 6TH
Salem-Keizer Volcanoes batting - Pitching for Rome Braves : RHP Marvin Rosas
Batting: LHB Ryan Anderson 0-0: Ground out 5-3 (Groundball, 5, EV 83.1 MPH)
Batting: RHB Dave Crouch 0-0: Called Strike
0-1: Ball
1-1: Ball
2-1: DOUBLE (Line Drive, 9LD, EV 111.2 MPH)
Batting: RHB Alfredo Lemus 0-0: Called Strike
0-1: Ball
1-1: Ground out 6-3 (Groundball, 6, EV 82.5 MPH)
Batting: RHB Willie Sanchez 0-0: Ball
1-0: Ground out 5-3 (Groundball, 56S, EV 71.9 MPH)
Bottom of the 6th over - 0 runs, 1 hit, 0 errors, 1 left on base; Rome 13 - Salem-Keizer 1
TOP OF THE 7TH
Rome Braves batting - Pitching for Salem-Keizer Volcanoes : RHP Dylan Mosley
Batting: SHB Jordan Barragan 0-0: Swinging Strike
0-1: Ball
1-1: Called Strike
1-2: Strikes out swinging
Batting: LHB Malik Boulay 0-0: Ground out 4-3 (Groundball, 4M, EV 85.6 MPH)
Batting: LHB Robby Dann 0-0: Ball
1-0: TRIPLE (Line Drive, 8LXD, EV 113.1 MPH)
Batting: LHB Joe Phillips 0-0: Called Strike
0-1: Ball
1-1: Ground out 5-3 (Groundball, 56, EV 93.8 MPH)
Top of the 7th over - 0 runs, 1 hit, 0 errors, 1 left on base; Rome 13 - Salem-Keizer 1
BOTTOM OF THE 7TH
Salem-Keizer Volcanoes batting - Pitching for Rome Braves : RHP Marvin Rosas
Batting: LHB Pat Aviles 0-0: Ball
1-0: Ball
2-0: Foul Ball, location: 2F
2-1: Foul Ball, location: 2F
2-2: Strikes out looking
Batting: RHB Ian Richardson 0-0: Called Strike
0-1: Ground out 6-3 (Groundball, 6, EV 85.0 MPH)
Pinch Hitting: LHB John Whitman 0-0: Ball
1-0: Called Strike
1-1: Ball
2-1: Ball
3-1: Base on Balls
Batting: LHB Gabe Velez 0-0: Ground out 6-3 (Groundball, P, EV 84.4 MPH)
Bottom of the 7th over - 0 runs, 0 hits, 0 errors, 1 left on base; Rome 13 - Salem-Keizer 1
TOP OF THE 8TH
Rome Braves batting - Pitching for Salem-Keizer Volcanoes : RHP Dylan Mosley
Now in LF: John Whitman
Batting: RHB Hisayuki Akiyama 0-0: Ball
1-0: Ball
2-0: Called Strike
2-1: Ball
3-1: Swinging Strike
3-2: Foul Ball, location: 2F
3-2: Foul Ball, location: 2F
3-2: SINGLE (Flyball, 6D, EV 91.9 MPH)
Pinch Hitting: RHB David Zelaya 0-0: Ball
1-0: Called Strike
1-1: Foul Ball, location: 2F
1-2: Reached on error, E1 (Groundball, P, EV 65.0 MPH)
Hisayuki Akiyama to second
Batting: LHB Mike Tenorio 0-0: Called Strike
0-1: Foul Ball, location: 2F
0-2: Ball
1-2: SINGLE (Groundball, 56D, EV 107.5 MPH)
Hisayuki Akiyama to third
David Zelaya to second
Batting: RHB Toki Takeuchi 0-0: Ball
1-0: Called Strike
1-1: Ball
2-1: Ball
3-1: Foul Ball, location: 2F
3-2: Foul Ball, location: 2F
3-2: Base on Balls
Hisayuki Akiyama scores
David Zelaya to third
Mike Tenorio to second
Pinch Hitting: SHB Eric Reeser 0-0: Foul Ball, location: 2F
0-1: Ball
1-1: Called Strike
1-2: Ball
2-2: Ball
3-2: Base on Balls
David Zelaya scores
Mike Tenorio to third
Toki Takeuchi to second
Pitching: RHP Nick McDade
Batting: SHB Jordan Barragan 0-0: Ball
1-0: Ball
2-0: Fielders Choice at 2nd, 6-4 (Groundball, 6MS, EV 81.2 MPH)
Mike Tenorio scores
Toki Takeuchi to third
Batting: LHB Malik Boulay 0-0: Called Strike
0-1: Fielders Choice at 2nd, 6-4 (Groundball, 6, EV 81.9 MPH)
Toki Takeuchi scores
Pinch Hitting: RHB Andy Cunningham 0-0: Called Strike
0-1: Foul Ball, location: 2F
0-2: Ball
1-2: Reached via error on a dropped throw from C, E3 (Groundball, 15S, EV 64.4 MPH)
Malik Boulay to second
Pinch Hitting: RHB Peter Wheeler 0-0: Ball
1-0: Ball
2-0: Foul Ball, location: 2F
2-1: Ball
3-1: Ground out 4-3 (Groundball, 34, EV 86.2 MPH)
Top of the 8th over - 4 runs, 2 hits, 2 errors, 2 left on base; Rome 17 - Salem-Keizer 1
BOTTOM OF THE 8TH
Salem-Keizer Volcanoes batting - Pitching for Rome Braves : RHP Marvin Rosas
Now at 1B: David Zelaya
Now at 2B: Malik Boulay
Now at 3B: Peter Wheeler
Now in LF: Adonis Jenifer
Now in RF: Andy Cunningham
Batting: SHB David Barona 0-0: Ball
1-0: Ball
2-0: Ground out 5-3 (Groundball, 56, EV 87.5 MPH)
Batting: LHB Ryan Anderson 0-0: Ball
1-0: Ground out U3 (Groundball, 3, EV 88.8 MPH)
Batting: RHB Dave Crouch 0-0: Foul Ball, location: 2F
0-1: Ball
1-1: Ball
2-1: SINGLE (Groundball, 56D, EV 96.2 MPH) (infield hit)
Batting: RHB Alfredo Lemus 0-0: Ball
1-0: SINGLE (Groundball, 56D, EV 96.9 MPH)
Dave Crouch to second
Batting: RHB Willie Sanchez 0-0: 3-RUN HOME RUN (Flyball, 7D, EV 99.4 MPH), Distance : 390 ft
Pitching: RHP Bobby Feig
Batting: LHB Pat Aviles 0-0: Ball
1-0: Called Strike
1-1: Ball
2-1: Foul Ball, location: 2F
2-2: Fly out, F7 (Flyball, 78M, EV 86.9 MPH)
Bottom of the 8th over - 3 runs, 3 hits, 0 errors, 0 left on base; Rome 17 - Salem-Keizer 4
TOP OF THE 9TH
Rome Braves batting - Pitching for Salem-Keizer Volcanoes : RHP Nick McDade
Batting: RHB Hisayuki Akiyama 0-0: Swinging Strike
0-1: Ball
1-1: Called Strike
1-2: Ball
2-2: Strikes out swinging
Batting: RHB David Zelaya 0-0: Called Strike
0-1: Ball
1-1: DOUBLE (Flyball, 78D, EV 100.0 MPH)
Batting: LHB Mike Tenorio 0-0: Swinging Strike
0-1: Foul Ball, location: 2F
0-2: Ball
1-2: Foul Ball, location: 2F
1-2: Strikes out swinging
Batting: RHB Toki Takeuchi 0-0: Called Strike
0-1: TRIPLE (Line Drive, 9D, EV 112.5 MPH)
David Zelaya scores
Batting: RHB Adonis Jenifer 0-0: Called Strike
0-1: Foul Ball, location: 2F
0-2: Foul Ball, location: 2F
0-2: Ball
1-2: Ground out 4-3 (Groundball, 4, EV 85.6 MPH)
Top of the 9th over - 1 run, 2 hits, 0 errors, 1 left on base; Rome 18 - Salem-Keizer 4
BOTTOM OF THE 9TH
Salem-Keizer Volcanoes batting - Pitching for Rome Braves : RHP Bobby Feig
Batting: RHB Ian Richardson 0-0: Foul Ball, location: 2F
0-1: Ball
1-1: Ball
2-1: Foul Ball, location: 2F
2-2: Strikes out swinging
Batting: LHB John Whitman 0-0: Ball
1-0: Ball
2-0: Called Strike
2-1: Ball
3-1: Called Strike
3-2: Foul Ball, location: 2F
3-2: SOLO HOME RUN (Flyball, 9D, EV 99.4 MPH), Distance : 375 ft
Batting: LHB Gabe Velez 0-0: Ball
1-0: Called Strike
1-1: Ball
2-1: Ball
3-1: Base on Balls
Batting: SHB David Barona 0-0: Fly out, F8 (Flyball, 89XD, EV 98.1 MPH)
Batting: LHB Ryan Anderson 0-0: Ball
1-0: Called Strike
1-1: SINGLE (Groundball, 4M, EV 104.4 MPH)
Gabe Velez to second
Batting: RHB Dave Crouch 0-0: Fly out, F7 (Flyball, 7S, EV 88.8 MPH)
Bottom of the 9th over - 1 run, 2 hits, 0 errors, 2 left on base; Rome 18 - Salem-Keizer 5
Wednesday, June 22nd , 2022 - OOTP Baseball 23.4 Build 64